 Dungeon Crawl Stone Soup version 0.29.0-4-gdea44cf6ec (webtiles) character file.

Game seed: 16107818524444125161

69 qw the Chopper (level 4, -3/26 HPs)
             Began as a Tengu Warper on Aug 28, 2022.
             Slain by an ice beast (9 damage)
             ... on level 5 of the Dungeon.
             The game lasted 00:00:12 (2161 turns).

qw the Chopper (Tengu Warper)                       Turns: 2161, Time: 00:00:13

Health: -3/26      AC:  9    Str: 13    XL:     4   Next: 20%
Magic:  8/8        EV:  6    Int: 14    God:
Gold:   78         SH:  0    Dex: 13    Spells: 7/7 levels left

rFire   . . .      SeeInvis .   Y - +1 hand axe
rCold   . . .      Faith    .   (no shield)
rNeg    . . .      Spirit   .   h - +0 chain mail
rPois   .          Reflect  .   (helmet restricted)
rElec   .          Harm     .   (no cloak)
rCorr   .          Rampage  .   g - +0 pair of gloves
Will    .....                   (boots unavailable)
Stlth   ..........              (no amulet)
HPRegen 0.08/turn               (no ring)
MPRegen 0.11/turn               (no ring)

@: no status effects
A: beak, talons 3
a: no special abilities


You were on level 5 of the Dungeon.
You visited 1 branch of the dungeon, and saw 4 of its levels.

You collected 103 gold pieces.
You spent 25 gold pieces at shops.


Innate Abilities, Weirdness & Mutations

You have a beak for a mouth.
You have claws for feet.


   Skills:
 - Level 2.0 Fighting
 + Level 4.8 Axes
 - Level 1.0 Throwing
 - Level 1.1 Armour
 - Level 2.1 Dodging
 - Level 2.0 Spellcasting
 - Level 2.4 Translocations


You had 7 spell levels left.
You didn't know any spells.
Your spell library contained the following spells:

 Spells                   Type           Power      Damage    Failure   Level
 Blink                    Tloc           16%        N/A       99%         2
 Gell's Gravitas          Tloc           8%         N/A       100%        3
 Lesser Beckoning         Tloc           8%         N/A       100%        3
 Teleport Other           Tloc           8%         N/A       100%        3
 Manifold Assault         Tloc           8%         N/A       100%        5

Inventory:

Hand Weapons
 i - a +0 flail
 Y - a +1 hand axe (weapon)
Armour
 g - a +0 pair of gloves (worn)
 h - a +0 chain mail (worn)
Scrolls
 a - a scroll of identify {unknown}
 c - a scroll of magic mapping {unknown}
Potions
 b - a potion of ambrosia {unknown}
 d - a potion of haste {unknown}
 e - a potion of degeneration {unknown}
 j - a potion of mutation {unknown}
 k - a potion of experience {unknown}
 l - 2 potions of curing

Dungeon Overview and Level Annotations

Branches:
Dungeon (5/15)
 Temple: D:4-7

Altars:

Shops:
D:2 *


Message History

(1) D:2 (2) D:3 Assign waypoint to what number? (0-9, D - delete waypoint) Waypoint 1 re-assigned from D:2 to D:5.
You see here 5 poisoned darts.
You open the door.
An ice beast comes into view.
Found a stone staircase leading up.
Enter note: You hit the ice beast.
Your kick misses the ice beast.
The ice beast is lightly wounded.
The ice beast completely misses you.
You closely miss the ice beast.
The ice beast is lightly wounded.
The ice beast hits you but does no damage.
You closely miss the ice beast.
You peck the ice beast, but do no damage.
The ice beast is lightly wounded.
The ice beast hits you. The ice beast freezes you!
You hit the ice beast but do no damage.
The ice beast is lightly wounded.
The ice beast hits you but does no damage.
You hit the ice beast but do no damage. You claw the ice beast.
The ice beast is moderately wounded.
The ice beast hits you but does no damage.
You closely miss the ice beast. You claw the ice beast.
The ice beast is moderately wounded.
The ice beast hits you but does no damage.
You closely miss the ice beast.
The ice beast is moderately wounded.
The ice beast hits you but does no damage.
You hit the ice beast. You claw the ice beast!
The ice beast is severely wounded.
The ice beast hits you. The ice beast freezes you.
You hit the ice beast but do no damage. Your peck misses the ice beast.
The ice beast is severely wounded.
The ice beast hits you but does no damage.
You hit the ice beast.
The ice beast is almost dead.
The ice beast hits you. The ice beast freezes you!
You die...

#.# #.# ### #.#
#.####### #.#
#.......#####.#
#.............#
#.####.######.#
#.#
#.#......####
#@#
#.....#.....#
#Y#
#.....#(###.#
... #.....#.# #
#...# #.....#.#
#.<.........#<#
#....##.....#.#
#....##.#####.#
#..... #.. #.#


You could see an ice beast.

Vanquished Creatures
  2 adders (D:3)
  2 worms (D:2)
  A dart slug (D:3)
  6 endoplasms
  2 giant cockroaches
  2 goblins
  4 hobgoblins
  3 jackals (D:3)
  A quokka (D:1)
  8 ball pythons
  A bat (D:1)
  5 frilled lizards
  5 kobolds
  A rat (D:2)
43 creatures vanquished.

Notes
Turn   | Place    | Note
-------+----------+-------------------------------------------
     0 | D:1      | qw the Tengu Warper began the quest for the Orb.
     0 | D:1      | Reached XP level 1. HP: 12/12 MP: 4/4
     0 | D:1      | 0 ||| qw: Version: 0.1-a-89-g26bdef1
     0 | D:1      | 0 ||| qw: Game counter: 970
     0 | D:1      | 0 ||| qw: Always use a shield: true
     0 | D:1      | 0 ||| qw: God list: Okawaru
     0 | D:1      | 0 ||| qw: Allow faded altars: false
     0 | D:1      | 0 ||| qw: Do Orc after D:15 true
     0 | D:1      | 0 ||| qw: Do second Lair branch before Depths: true
     0 | D:1      | 0 ||| qw: Lair rune preference: random
     0 | D:1      | 0 ||| qw: Plans: Normal
     0 | D:1      | 0 ||| PLANNING D:1-11
   422 | D:1      | 422 ||| DROPPING +0 mace.
   548 | D:1      | Reached skill level 3 in Axes
   548 | D:1      | Reached XP level 2. HP: 15/17 MP: 6/6
  1020 | D:1      | 1020 ||| UPGRADING to +0 ring mail.
  1030 | D:1      | 1030 ||| DROPPING +0 leather armour.
  1031 | D:1      | 1031 ||| UPGRADING to +0 chain mail.
  1041 | D:1      | 1041 ||| DROPPING +0 ring mail.
  1042 | D:1      | 1042 ||| READING scroll labelled XID VARYNO DUC.
  1043 | D:1      | 1043 ||| READING scroll labelled COOCAD AG ENOU.
  1044 | D:1      | 1044 ||| DROPPING scroll of blinking.
  1175 | D:2      | 1175 ||| Stepping ~*~*~tactically~*~*~ (stealth).
  1336 | D:2      | Reached XP level 3. HP: 20/21 MP: 7/7
  1397 | D:2      | 1397 ||| Stepping ~*~*~tactically~*~*~ (stealth).
  1399 | D:2      | 1399 ||| Stepping ~*~*~tactically~*~*~ (stealth).
  1485 | D:2      | Reached skill level 4 in Axes
  1490 | D:2      | 1490 ||| Stepping ~*~*~tactically~*~*~ (stealth).
  1669 | D:2      | Found Raxoulas's Assorted Antiques.
  1677 | D:2      | 1677 ||| SHOPLISTING glowing scale mail (196 gold, have
                  | 75).
  1677 | D:2      | 1677 ||| SHOPLISTING runed scale mail (196 gold, have 75).
  1677 | D:2      | 1677 ||| BUYING white potion (25 gold).
  1677 | D:2      | Bought a white potion for 25 gold pieces
  1807 | D:2      | 1807 ||| UPGRADING to +0 pair of gloves.
  1812 | D:2      | 1812 ||| DROPPING ring of magical power.
  1813 | D:2      | 1813 ||| READING scroll labelled NEDIFI DAIFEEN.
  1814 | D:2      | 1814 ||| READING scroll labelled WYSIPPOQAG.
  1815 | D:2      | 1815 ||| DRINKING 2 sedimented pink potions.
  1863 | D:3      | 1863 ||| Stepping ~*~*~tactically~*~*~ (stealth).
  1865 | D:3      | 1865 ||| Stepping ~*~*~tactically~*~*~ (stealth).
  1866 | D:3      | 1866 ||| Stepping ~*~*~tactically~*~*~ (stealth).
  1867 | D:3      | 1867 ||| Stepping ~*~*~tactically~*~*~ (stealth).
  1868 | D:3      | 1868 ||| Stepping ~*~*~tactically~*~*~ (stealth).
  1906 | D:3      | Reached XP level 4. HP: 21/26 MP: 8/8
  2065 | D:3      | Found a faded altar of an unknown god.
  2127 | D:3      | You fall into a shaft and drop 2 floors!
  2127 | D:5      | Entered Level 5 of the Dungeon
  2150 | D:5      | Noticed an ice beast
  2161 | D:5      | HP: 6/26 [ice beast (3)]
  2161 | D:5      | Slain by an ice beast

Levels and vault maps discovered:
D:1:      giann_forest_graveyard, layout_loops_ring, hangedman_decor_slide_cut,
          chequers_garden
D:2:      layout_loops_ring, serial_shops, shop
D:3:      layout_loops_ring, fedhas_altar_4, ebering_ecumenical_altar_ruins,
          minmay_misc_feat_chi, chequers_serial_rivers_large_b
D:5:      layout_basic, nicolae_overflow_crystal_walls,
          grunt_dithmenos_smoke_and_mirrors, temple_fountains,
          minmay_misc_feat_five, patterned_corridor

Skill      XL: |  1  2  3 |
---------------+----------+-----
Axes           | 3 4 |  4.8
Fighting       | |  2.0
Throwing       | |  1.0
Armour         | |  1.1
Dodging        | |  2.1
Spellcasting   | |  2.0
Translocations | |  2.4

Action                   |  1- 3 |  4- 6 || total
-------------------------+-------+-------++-------
Melee: Hand axe          |    84 |    30 ||   114
       Kick              |    14 |     9 ||    23
       Peck              |     6 |     2 ||     8
Throw: Boomerang         |     7 |       ||     7
  Use: Scroll            |     4 |       ||     4
       Potion            |     1 |       ||     1
Armor: Leather armour    |     3 |       ||     3
       Chain mail        |    35 |    19 ||    54
Dodge: Dodged            |    17 |     4 ||    21

Table legend:
 A = Non-vault XP
 B = Vault XP
 C = Vault XP percentage of total XP
 D = Non-vault monster count
 E = Vault monster count
 F = Vault count percentage of total count
                 A         B        C        D         E       F
            +---------+---------+-------+---------+---------+-------
      Total |      99 |       0 |   0.0 |      43 |       0 |   0.0
            +---------+---------+-------+---------+---------+-------
        D:1 |      18 |       0 |   0.0 |      13 |       0 |   0.0
        D:2 |      36 |       0 |   0.0 |      19 |       0 |   0.0
        D:3 |      45 |       0 |   0.0 |      11 |       0 |   0.0
            +---------+---------+-------+---------+---------+-------
